 Dungeon Crawl Stone Soup version 0.30-a0-528-g8c47a4955b (webtiles) character file.

Game seed: 1182797778698441436

795 Shayle the Trooper (level 7, -2/55 HPs)
             Began as a Demonspawn Reaver on Dec 23, 2022.
             Splashed by a jelly's acid (9 damage)
             ... on level 5 of the Dungeon.
             The game lasted 00:08:43 (4088 turns).

Shayle the Trooper (Demonspawn Reaver)              Turns: 4088, Time: 00:08:44

Health: -2/55      AC:  5    Str: 19    XL:     7   Next: 58%
Magic:  9/9        EV: 13    Int: 24    God:
Gold:   163        SH:  5    Dex: 15    Spells: 6/10 levels left

rFire   . . .      SeeInvis +    g - +0 short sword (venom)
rCold   . . .      Faith    .    (no shield)
rNeg    . . .      Spirit   .    b - +0 leather armour
rPois   .          Reflect  +    v - +1 helmet
rElec   .          Harm     .    (no cloak)
rCorr   .          Rampage  .    (no gloves)
Will    .....      Rnd*Tele +    (no boots)
Stlth   +++                      c - amulet of reflection
HPRegen 0.29/turn                r - ring of Lyna {Str+6 Int+2 SInv Stlth-}
MPRegen 0.11/turn                j - +6 ring of intelligence

@: about to teleport, on berserk cooldown, slowed, very slow
A: hooves 2, thin skeletal structure 2, demonic magic 2, deterioration 1, low MP
1, teleportitis 1
a: no special abilities


You were on level 5 of the Dungeon.
You visited 1 branch of the dungeon, and saw 5 of its levels.

You collected 184 gold pieces.
You spent 21 gold pieces at shops.

Inventory:

Hand Weapons
 a - a +0 spear
 g - a +0 short sword of venom (weapon)
Armour
 b - a +0 leather armour (worn)
 v - a +1 helmet (worn)
Jewellery
 c - an amulet of reflection (around neck)
 j - a +6 ring of intelligence (right hand)
 p - a +4 ring of evasion
 q - a ring of flight
 r - the ring of Lyna (left hand) {Str+6 Int+2 SInv Stlth-}
   (You took it off a hobgoblin on level 4 of the Dungeon)

   [ring of strength]

   Str:       It affects your strength (+6).
   Int:       It affects your intelligence (+2).
   SInv:      It lets you see invisible.
   Stlth:     It makes you less stealthy.
Wands
 o - a wand of flame (18)
Scrolls
 i - a scroll of teleportation
 l - a scroll of identify
Potions
 d - 2 potions of brilliance
 f - a potion of curing
 h - 2 potions of attraction
 k - 2 potions of mutation
 n - a potion of haste {unknown}
 u - a potion of ambrosia {unknown}


   Skills:
 + Level 4.6 Fighting
 - Level 2.6 Polearms
 + Level 3.6 Armour
 + Level 4.1 Dodging
 + Level 4.0 Stealth
 - Level 2.0 Spellcasting
 - Level 3.0 Conjurations


You had 6 spell levels left.
You knew the following spells:

 Your Spells              Type           Power      Damage    Failure   Level
a - Kiss of Death         Conj/Necr      36%        2d8       8%          1
b - Hailstorm             Conj/Ice       9%         3d4       22%         3

Your spell library contained the following spells:

 Spells                   Type           Power      Damage    Failure   Level
 Momentum Strike          Conj/Tloc      18%        3d8       11%         2
 Sublimation of Blood     Necr           2%         N/A       21%         2
 Wereblood                Tmut           2%         N/A       21%         2
 Summon Hydra             Summ           1%         N/A       100%        7


Dungeon Overview and Level Annotations

Branches:
Dungeon (5/15)
 Temple: D:4-7

Altars:

Shops:
D:1 *

Annotations:
D:4 Grinder


Innate Abilities, Weirdness & Mutations

You have hoof-like feet.
You have a moderately thin skeletal structure. (Dex +4, Stealth++)
Spells you cast may paralyse nearby enemies.
Your body sometimes deteriorates upon taking damage.
Your magical capacity is low. (-10% MP)
You are occasionally teleported next to monsters.


Message History

Prince Ribbit is lightly wounded.
Prince Ribbit barely misses you.
You hit Prince Ribbit. Your kick misses Prince Ribbit. You punch Prince Ribbit!
Prince Ribbit is heavily wounded.
Prince Ribbit hits you but does no damage.
You puncture Prince Ribbit! Your kick misses Prince Ribbit.
Prince Ribbit is almost dead.
Prince Ribbit closely misses you.
You hit Prince Ribbit.
You kill Prince Ribbit!
Prince Ribbit returns to his original shape as he dies.
You are no longer berserk.
You are exhausted.
You feel yourself slow down.
Your Dodging skill increases to level 4!
Your Stealth skill increases to level 4!
You start resting.
You feel strangely unstable.
You are yanked towards a nearby monster!
Your surroundings suddenly seem different.
A dart slug comes into view.
Found a scroll labelled QAF TUFUYRGH. 2 orcs come into view.
An orc comes into view. It is wielding a +0 dagger.
The orc shouts!
A jelly comes into view.
The jelly quivers.
The dart slug launches a dart at you.
The slug dart reflects off an invisible shield around you!
The slug dart hits the dart slug.
The jelly barely misses you.
As you read the scroll of teleportation, it crumbles to dust.
You feel strangely unstable. The jelly completely misses you.
The orc hits you but does no damage.
The orc hits you from afar with a +0 trident.
* * * LOW HITPOINT WARNING * * *
The jelly hits you.
* * * LOW HITPOINT WARNING * * *
You are splashed with acid!
You die...

.#....## '..... '##
#....# .....
##....######
#..?.##..........#
#................+
.... #...........##
.....#..o..........
............oo@J......
..........w########..
#.....#....#
#.....#...!#
#..........#
.........## #
#..#..#.# #.#.......#
#....#.####


You could see a jelly, a dart slug and 3 orcs.

Vanquished Creatures
  Prince Ribbit (D:5)
  An ice beast (D:5)
  2 necrophages
  Blork the orc (D:4)
  A scorpion (D:4)
  3 hounds
  9 adders
  2 ufetubi
  A worm (D:3)
  2 dart slugs
  11 orcs
  3 bats
  4 endoplasms
  5 giant cockroaches
  8 hobgoblins
  6 quokkas
  11 ball pythons
  2 frilled lizards (D:1)
  3 goblins
  5 kobolds
  3 rats
84 creatures vanquished.

Notes
Turn   | Place    | Note
-------+----------+-------------------------------------------
     0 | D:1      | Shayle the Demonspawn Reaver began the quest for the Orb.
     0 | D:1      | Reached XP level 1. HP: 16/16 MP: 3/3
   197 | D:1      | Gained mutation: Spells you cast may paralyse adjacent
                  | enemies. [demonic ancestry]
   197 | D:1      | Reached XP level 2. HP: 15/22 MP: 5/5
   254 | D:1      | Found Waaluscha's Assorted Antiques.
   258 | D:1      | Bought a scroll labelled DYRGHO VOTUYTAM for 21 gold pieces
   624 | D:1      | Reached skill level 1 in Stealth
  1121 | D:2      | Reached skill level 1 in Armour
  1133 | D:2      | Gained mutation: You have large cloven feet. [demonic
                  | ancestry]
  1133 | D:2      | Reached XP level 3. HP: 27/28 MP: 6/6
  2065 | D:3      | Gained mutation: You have a somewhat thin skeletal
                  | structure. (Dex +2, Stealth+) [demonic ancestry]
  2065 | D:3      | Reached XP level 4. HP: 14/34 MP: 7/7
  2545 | D:4      | Identified the ring of Lyna {Str+6 Int+2 SInv Stlth-}
  2753 | D:4      | Noticed Grinder
  2858 | D:4      | Gained mutation: You have hoof-like feet. [demonic
                  | ancestry]
  2858 | D:4      | Reached XP level 5. HP: 27/41 MP: 8/8
  3292 | D:4      | Gained mutation: You have a moderately thin skeletal
                  | structure. (Dex +4, Stealth++) [demonic ancestry]
  3292 | D:4      | Reached XP level 6. HP: 25/47 MP: 9/9
  3392 | D:4      | Noticed Blork the orc
  3402 | D:4      | Killed Blork the orc
  3977 | D:5      | Entered Level 5 of the Dungeon
  3989 | D:5      | Learned a level 3 spell: Hailstorm
  4020 | D:5      | Noticed Prince Ribbit
  4029 | D:5      | Noticed an ice beast
  4051 | D:5      | Gained mutation: You are occasionally teleported next to
                  | monsters. [potion of mutation]
  4051 | D:5      | Gained mutation: Your body sometimes deteriorates upon
                  | taking damage. [potion of mutation]
  4051 | D:5      | Gained mutation: Your magical capacity is low. (-10% MP)
                  | [potion of mutation]
  4052 | D:5      | HP: 1/72 [Prince Ribbit (14)]
  4061 | D:5      | Killed an ice beast
  4062 | D:5      | Gained mutation: Spells you cast may paralyse nearby
                  | enemies. [demonic ancestry]
  4062 | D:5      | Reached XP level 7. HP: 3/54 MP: 9/9
  4072 | D:5      | Killed Prince Ribbit
  4088 | D:5      | Splashed by a jelly's acid

Illustrated notes

Levels and vault maps discovered:
D:1:      elethiomel_arrival_maze, layout_basic, serial_shops, shop
D:2:      layout_loops_ring
D:3:      layout_loops_ring
D:4:      layout_basic, uniq_blork_the_orc, uniq_grinder
D:5:      layout_basic, kennysheep_diamond, uniq_prince_ribbit1

Skill      XL: |  1  2  3  4  5  6  7 |
---------------+----------------------+-----
Dodging        | 2 3 4 |  4.1
Stealth        | 1 2 3 4 |  4.0
Armour         | 1 2 3 |  3.6
Fighting       | 3 4 |  4.6
Polearms       | |  2.6
Spellcasting   | |  2.0
Conjurations   | |  3.0

Action                   |  1- 3 |  4- 6 |  7- 9 || total
-------------------------+-------+-------+-------++-------
Melee: Spear             |    73 |       |       ||    73
       Short sword       |    91 |   130 |    11 ||   232
       Kick              |    18 |    35 |     3 ||    56
       Punch             |       |       |     1 ||     1
  Use: Scroll            |     2 |     6 |     1 ||     9
       Potion            |     1 |     2 |       ||     3
 Stab: Sleeping          |     2 |     6 |       ||     8
Armor: Leather armour    |    36 |    18 |     2 ||    56
Dodge: Dodged            |    78 |    83 |     6 ||   167
Block: Other             |    34 |    21 |     2 ||    57
       Reflection        |       |       |     1 ||     1

Table legend: (Time is in decaauts)
 A = Elapsed time spent in this place.
 B = Non-inter-level travel time spent in this place.
 C = Inter-level travel time spent in this place.
 D = Time resting spent in this place.
 E = Time spent auto-exploring this place.
 F = Levels seen in this place.
 G = Mean time per level.
                   A        B        C        D        E       F      G
               +--------+--------+--------+--------+--------+-----+--------+
         Total |   4086 |   4006 |     80 |    333 |   2807 |   5 |  817.2 |
       Dungeon |   4086 |   4006 |     80 |    333 |   2807 |   5 |  817.2 |
               +--------+--------+--------+--------+--------+-----+--------+

Top non-repeatable levels by time:
     D:4: 1529 daAuts
     D:1: 1060 daAuts
     D:3: 797 daAuts
     D:2: 593 daAuts
     D:5: 104 daAuts
